 Dungeon Crawl Stone Soup version 0.21.0 (webtiles) character file.

119 inmateoo the Chopper (level 5, -8/32 HPs)
             Began as a Gargoyle Fighter on Jan 5, 2018.
             Mangled by an orc warrior
             ... wielding a +0 glaive
              (13 damage)
             ... on level 2 of the Dungeon.
             The game lasted 00:01:46 (1740 turns).

inmateoo the Chopper (Gargoyle Fighter)             Turns: 1740, Time: 00:01:47

Health: -8/32      AC: 12    Str: 29    XL:     5   Next: 3%
Magic:  5/5        EV:  7    Int:  8    God:
Gold:   259        SH: 10    Dex:  9    Spells: 4/4 levels left

rFire    . . .     SeeInvis +   a - +0 war axe
rCold    . . .     Gourm    .   c - +0 shield
rNeg     + . .     Faith    .   b - +0 scale mail
rPois    ∞         Spirit   .   n - +2 hat
rElec    +         Reflect  .   h - scarf {repulsion}
rCorr    .         Harm     .   (no gloves)
MR       .....                  (no boots)
Stlth    ..........             (no amulet)
HPRegen  0.10/turn              l - ring of see invisible (curse)
MPRegen  0.09/turn              w - +3 ring of strength

@: mighty, repel missiles
A: negative energy resistance 1, electricity resistance, unbreathing,
petrification resistance, rot immunity, AC +4
a: no special abilities


You were on level 2 of the Dungeon.
You were not hungry.

You visited 1 branch of the dungeon, and saw 2 of its levels.

You collected 259 gold pieces.

Inventory:

Hand Weapons
 a - a +0 war axe (weapon)
 s - a +0 dagger of venom
Armour
 b - a +0 scale mail (worn)
 c - a +0 shield (worn)
 h - a scarf of repulsion (worn)
 n - a +2 hat (worn)
 r - a +0 chain mail
Jewellery
 l - a cursed ring of see invisible (left hand)
 w - a +3 ring of strength (right hand)
Scrolls
 e - a scroll of enchant weapon {unknown}
 j - a scroll of identify {unknown}
 m - 2 scrolls of teleportation {unknown}
 o - 2 scrolls of remove curse {unknown}
 q - 2 scrolls of noise {unknown}
 t - a scroll of random uselessness {unknown}
 v - a scroll of amnesia {unknown}
Potions
 d - 2 potions of might
 g - 2 potions of brilliance {unknown}
 i - a potion of resistance {unknown}
 k - 2 potions of curing {unknown}
 p - a potion of mutation {unknown}
 u - a potion of flight {unknown}
Comestibles
 f - 2 rations


   Skills:
 - Level 3.2 Fighting
 + Level 4.5 Axes
 - Level 3.2 Armour
 - Level 3.2 Shields


You had 4 spell levels left.
You didn't know any spells.

Dungeon Overview and Level Annotations

Branches:
Dungeon (2/15)

Altars:


Innate Abilities, Weirdness & Mutations

You are resistant to torment.
Your stone body is resilient. (AC +4)
You are immune to poison.
You resist negative energy. (rN+)
You are resistant to electric shocks. (rElec)
You can survive without breathing.
You are immune to petrification.
You are immune to rotting.


Message History

Unknown command.
Unknown command.
The orc wizard casts a spell.
The orc wizard flickers and vanishes for a moment.
You slash the orc!
You kill the orc!
You hit the orc warrior.
The orc warrior is moderately wounded.
You block the orc warrior's attack.
Unknown command.
You hit the orc warrior.
The orc warrior is moderately wounded.
The orc warrior barely misses you.
Unknown command.
You closely miss the orc warrior.
The orc warrior is moderately wounded.
The orc warrior hits you with a glaive.
* * * LOW HITPOINT WARNING * * *
The orc warrior hits you with a glaive!
You die...

...##.#...♣...'...##
...######...###....#
........#...##.##..#
........#...##.....#
........#.<.######o#
........#...# #.#
###.....##########.#
###.....# .# #...#o#
........##.###.#@#.#
.................oo#
....##..........####
....##..........#
....##..........#
....##..........#
....##..........#
....##..........#
....##..........#


You could see an orc warrior and an orc wizard (invisible).

Vanquished Creatures
  Natasha (twice) (D:2 D:1)
  3 adders (D:2)
  2 dart slugs (D:2)
  An orc (D:2)
  3 bats
  A giant cockroach (D:1)
  7 goblins
  8 hobgoblins
  3 kobolds (D:1)
  A quokka (D:2)
  3 frilled lizards
  3 rats (D:1)
  A fungus (D:2)
38 creatures vanquished.

Notes
Turn   | Place    | Note
-------+----------+-------------------------------------------
     0 | D:1      | inmateoo the Gargoyle Fighter began the quest for the Orb.
     0 | D:1      | Reached XP level 1. HP: 14/14 MP: 1/1
    52 | D:1      | Reached skill level 2 in Axes
    85 | D:1      | Reached XP level 2. HP: 19/19 MP: 2/2
   663 | D:1      | Reached skill level 3 in Axes
   749 | D:1      | Reached XP level 3. HP: 23/23 MP: 3/3
  1100 | D:2      | Reached XP level 4. HP: 28/28 MP: 4/4
  1213 | D:2      | Noticed Natasha
  1225 | D:2      | Killed Natasha
  1225 | D:2      | Reached skill level 4 in Axes
  1472 | D:2      | Noticed Natasha
  1488 | D:1      | Killed Natasha
  1488 | D:1      | Reached XP level 5. HP: 32/32 MP: 5/5
  1720 | D:2      | Noticed an orc warrior
  1740 | D:2      | Mangled by an orc warrior

Skill      XL: |  1  2  3  4 |
---------------+-------------+-----
Axes           | 2 3 4 |  4.5
Fighting       | |  3.2
Armour         | |  3.2
Shields        | |  3.2

Action                   |  1- 3 |  4- 6 || total
-------------------------+-------+-------++-------
Melee: War axe           |    81 |    42 ||   123
  Use: Potion            |       |     1 ||     1
  Eat: Chunk             |       |     3 ||     3
Armor: Scale mail        |    38 |    29 ||    67
       Skin              |       |     5 ||     5
Dodge: Dodged            |    25 |    16 ||    41
Block: Shield            |    43 |    28 ||    71
